 Dungeon Crawl Stone Soup version 0.24-a0-537-g2d01d4a (webtiles) character file.

Game seed: 16840615925054681316

67 ChiliFlavouring the Shield-Bearer (level 3, -1/23 HPs)
             Began as a Vampire Fighter on Aug 13, 2019.
             Killed by divine providence
             ... invoked by an orc priest
              (14 damage)
             ... on level 3 of the Dungeon.
             The game lasted 00:04:05 (1373 turns).

ChiliFlavouring the Shield-Bearer (Vampire Fighter) Turns: 1373, Time: 00:04:06

Health: -1/23      AC:  7    Str: 16    XL:     3   Next: 98%
Magic:  3/3        EV:  6    Int: 10    God:
Gold:   160        SH:  9    Dex: 13    Spells: 2/2 levels left

rFire    . . .     SeeInvis +   a - +0 war axe
rCold    + + .     Gourm    .   c - +0 shield
rNeg     + + +     Faith    .   b - +0 scale mail
rPois    ∞         Spirit   .   (no helmet)
rElec    .         Reflect  .   (no cloak)
rCorr    .         Harm     .   (no gloves)
MR       .....                  k - +0 pair of boots
Stlth    ++........             (no amulet)
HPRegen  0.00/turn              (no ring)
MPRegen  0.08/turn              (no ring)

@: bloodless, regenerating quickly
A: no food, fangs 3, see invisible, unbreathing
a: Bat Form, Revivify


You were on level 3 of the Dungeon.
You were bloodless.

You visited 1 branch of the dungeon, and saw 4 of its levels.

You collected 160 gold pieces.

Inventory:

Hand Weapons
 a - a +0 war axe (weapon)
 n - a +0 broad axe
Armour
 b - a +0 scale mail (worn)
 c - a +0 shield (worn)
 k - a +0 pair of boots (worn)
Jewellery
 o - a cursed ring of attention {unknown}
Scrolls
 f - 2 scrolls of remove curse {unknown}
 g - 4 scrolls of teleportation {unknown}
 i - a scroll of identify {unknown}
 m - a scroll of immolation {unknown}
Potions
 d - a potion of might
 e - a potion of agility {unknown}
 h - a potion of invisibility {unknown}
 j - a potion of heal wounds {unknown}
 l - a potion of flight {unknown}


   Skills:
 + Level 3.2 Fighting
 + Level 2.4 Axes
 + Level 2.9 Armour
 + Level 3.2 Shields


You had 2 spell levels left.
You didn't know any spells.
Your spell library was empty.

Dungeon Overview and Level Annotations

Branches:
Dungeon (4/15)
 Temple: D:4-7

Altars:
Xom

Annotations:
D:4 Edmund


Innate Abilities, Weirdness & Mutations

You do not eat.
You do not regenerate when monsters are visible.
You are frail without blood (-20% HP).
You are immune to poison.
You have razor-sharp teeth.
You have supernaturally acute eyesight. (SInv)
You can survive without breathing.


Message History

You kill the orc!
The orc hits you but does no damage.
Your shield and scale mail prevent you from hitting the orc.
Your bite misses the orc. The orc hits you but does no damage.
You hit the orc. You bite the orc, but do no damage.
The orc is heavily wounded.
The orc hits you with a +0 short sword. The orc hits you but does no damage.
You closely miss the orc. Your bite misses the orc.
The orc is heavily wounded.
The orc hits you with a +0 short sword.
Your shield prevents you from hitting the orc.
The orc is heavily wounded.
You block the orc's attack. The orc hits you with a +0 short sword.
You hit the orc.
You kill the orc!
You closely miss the orc priest.
The orc priest calls down the wrath of Beogh upon you.
Beogh smites you!
Ouch! That really hurt!
You die...

#..##..###.#.##.##...##.#.#
#..##..).....)..........#.#
#..###.......#####.#.####.#
#..# #..##..## #.#..###.##
#..###..##..# #..........
#.......##..# ####.###.##
........# #.# #.# ##.####.#
#.# #.# #.# #@# #.# #.#
####o# #####.###.# #..go#
#.........#
#...o..........#.#####
#.....######.? #.## #.....
######..## #.....
.......#.# #.....
######..##### #.....
#.......


You could see 2 orc priests, an orc and a goblin.

Vanquished Creatures
  A shadow imp (D:3)
  3 dart slugs (D:1)
  A leopard gecko (D:1)
  2 orcs (D:3)
  A ball python (D:1)
  4 bats
  3 giant cockroaches
  6 goblins (D:1)
  10 hobgoblins
  8 kobolds
  4 frilled lizards
  3 rats
46 creatures vanquished.

Notes
Turn   | Place    | Note
-------+----------+-------------------------------------------
     0 | D:1      | ChiliFlavouring the Vampire Fighter began the quest for the
                  | Orb.
     0 | D:1      | Reached XP level 1. HP: 17/17 MP: 1/1
    77 | D:1      | Reached XP level 2. HP: 18/18 MP: 2/2
   286 | D:1      | Reached XP level 3. HP: 23/23 MP: 3/3
   873 | D:2      | You fall into a shaft and drop 2 floors!
   896 | D:4      | Found a shimmering altar of Xom.
   898 | D:4      | Noticed Edmund
  1373 | D:3      | Killed from afar by an orc priest

Levels and vault maps discovered:
D:1:      shiori_arrival_maze, layout_loops_corners, minmay_cut_off
D:2:      layout_basic, old_standard_altar, nicolae_overflow_hidden_temple
D:3:      layout_loops_ring
D:4:      layout_basic, nicolae_qazlal_style_of_elements, grunt_gozag_statues,
          first_ration, brannock_xom_greatest_gift, uniq_natasha, uniq_menkaure,
          uniq_edmund

Skill      XL: |  1  2 |
---------------+-------+-----
Axes           | 2 |  2.4
Fighting       | 3 |  3.2
Shields        | 3 |  3.2
Armour         | |  2.9

Action                   || total
-------------------------++-------
Melee: War axe           ||   113
       Bite              ||    12
 Abil: Exsanguinate      ||     1
 Stab: Sleeping          ||     6
Armor: Scale mail        ||    40
Dodge: Dodged            ||    31
Block: Shield            ||    49

Table legend:
 A = Non-vault XP
 B = Vault XP
 C = Vault XP percentage of total XP
 D = Non-vault monster count
 E = Vault monster count
 F = Vault count percentage of total count
                 A         B        C        D         E       F
            +---------+---------+-------+---------+---------+-------
      Total |      80 |      16 |  16.7 |      39 |       7 |  15.2
            +---------+---------+-------+---------+---------+-------
        D:1 |      44 |      16 |  26.7 |      24 |       7 |  22.6
        D:2 |       5 |       0 |   0.0 |       3 |       0 |   0.0
        D:3 |      28 |       0 |   0.0 |      10 |       0 |   0.0
        D:4 |       3 |       0 |   0.0 |       2 |       0 |   0.0
            +---------+---------+-------+---------+---------+-------
